 Dungeon Crawl Stone Soup version 0.26-a0-652-gafc20e3620 (webtiles) character file.

Game seed: 13526879894171011700

396 lunkers the Stinger (level 6, -5/41 HPs)
             Began as a Demonspawn Venom Mage on Oct 1, 2020.
             Killed from afar by a white imp (8 damage)
             ... with a puff of frost
             ... on level 5 of the Dungeon.
             The game lasted 00:11:01 (5274 turns).

lunkers the Stinger (Demonspawn Venom Mage)         Turns: 5274, Time: 00:11:02

Health: -5/41      AC:  4    Str:  8    XL:     6   Next: 52%
Magic:  12/12      EV: 12    Int: 18    God:
Gold:   177        SH:  0    Dex: 14    Spells: 6/13 levels left

rFire    . . .     SeeInvis .   o - +1 dagger (drain)
rCold    . . .     Faith    .   (no shield)
rNeg     . . .     Spirit   .   a - +0 robe
rPois    .         Reflect  .   (no helmet)
rElec    .         Harm     .   v - +0 cloak
rCorr    .         Rampage  .   (no gloves)
MR       .....                  f - +0 pair of boots
Stlth    ++........             (no amulet)
HPRegen  0.13/turn              (no ring)
MPRegen  0.13/turn              (no ring)

@: no status effects
A: claws 2, demonic guardian 1
a: no special abilities


You were on level 5 of the Dungeon.
You visited 1 branch of the dungeon, and saw 5 of its levels.

You collected 177 gold pieces.

Inventory:

Hand Weapons
 o - a +1 dagger of draining (weapon)
Armour
 a - a +0 robe (worn)
 f - a +0 pair of boots (worn)
 h - a cursed +0 buckler
 v - a +0 cloak (worn)
Jewellery
 r - an uncursed amulet of faith {unknown}
 w - an uncursed ring of wizardry {unknown}
Wands
 C - a wand of digging (5)
Scrolls
 b - 2 scrolls of enchant armour {unknown}
 c - 2 scrolls of random uselessness {unknown}
 d - 4 scrolls of teleportation {unknown}
 e - 3 scrolls of immolation {unknown}
 g - a scroll of magic mapping {unknown}
 i - 2 scrolls of blinking {unknown}
 t - a scroll of noise {unknown}
 u - a scroll of remove curse {unknown}
 x - a scroll of amnesia {unknown}
 y - 2 scrolls of identify {unknown}
Potions
 j - 2 potions of curing {unknown}
 k - a potion of resistance {unknown}
 l - a potion of invisibility {unknown}
 m - a potion of might {unknown}
 n - a potion of haste {unknown}
 p - a potion of flight {unknown}
 q - a potion of heal wounds {unknown}
 s - a potion of lignification {unknown}
 z - a potion of brilliance {unknown}
 A - a potion of degeneration {unknown}
 B - a potion of mutation {unknown}


   Skills:
 - Level 1.7 Dodging
 - Level 1.7 Stealth
 + Level 4.0 Spellcasting
 - Level 0.8 Transmutations
 * Level 6.3 Poison Magic


You had 6 spell levels left.
You knew the following spells:

 Your Spells              Type           Power        Failure   Level
a - Sting                 Tmut/Pois      ###.         3%          1
b - Poisonous Vapours     Pois/Air       ###...       6%          2
c - Olgreb's Toxic Radia  Pois           ####....     11%         4

Your spell library contained the following spells:

 Spells                   Type           Power        Failure   Level
 Ignite Poison            Fire/Tmut/Pois ##......     17%         3
 Mephitic Cloud           Conj/Pois/Air  ##......     19%         3


Dungeon Overview and Level Annotations

Branches:
Dungeon (5/15)
 Temple: D:4-7

Altars:
Nemelex Xobeh
Qazlal
Zin

Shops:
D:4 :


Innate Abilities, Weirdness & Mutations

You have very sharp fingernails.
A weak demonic guardian rushes to your aid.


Message History

* * * LOW HITPOINT WARNING * * *
You hit the white imp but do no damage.
The white imp is heavily wounded.
The white imp closely misses you.
You hit the white imp.
The white imp is heavily wounded.
The white imp barely misses you.
You barely miss the white imp.
The white imp is heavily wounded.
The white imp hits you but does no damage.
Evoke which item? (* to show all) (? for menu, Esc to quit)
Okay, then.
You hit the white imp but do no damage.
The white imp is heavily wounded.
The white imp barely misses you.
You hit the white imp.
The white imp is almost dead.
The white imp gestures at you. The puff of frost hits you!
You die...

#....#
#....#
#....#
#....#
#.<..#
#....#
#....#
#######....#
.......@...#
.......5...#
...........#
...........#
..##+#.....#
. #.....#
#.....#
#.....#


You could see a white imp.

Vanquished Creatures
  A bullfrog (D:4)
  A bullfrog skeleton (D:4)
  Natasha (twice) (D:3)
  4 gnolls
  4 adders
  An ooze (D:2)
  2 worms
  4 dart slugs
  7 leopard geckos
  5 orcs
  5 bats
  6 giant cockroaches
  3 hobgoblins
  2 jackals (D:4)
  8 kobolds
  2 quokkas
  3 ball pythons (D:3)
  8 frilled lizards
  10 goblins
  9 rats
87 creatures vanquished.

Vanquished Creatures (collateral kills)
  An ogre (D:4)
1 creature vanquished.

Grand Total: 88 creatures vanquished

Notes
Turn   | Place    | Note
-------+----------+-------------------------------------------
     0 | D:1      | lunkers the Demonspawn Venom Mage began the quest for the
                  | Orb.
     0 | D:1      | Reached XP level 1. HP: 13/13 MP: 3/3
   202 | D:1      | Gained mutation: A weak demonic guardian rushes to your
                  | aid. [demonic ancestry]
   202 | D:1      | Reached XP level 2. HP: 14/19 MP: 0/5
  1155 | D:1      | Gained mutation: You have sharp fingernails. [demonic
                  | ancestry]
  1155 | D:1      | Reached XP level 3. HP: 15/24 MP: 0/6
  1211 | D:2      | Reached skill level 4 in Poison Magic
  1215 | D:2      | Learned a level 2 spell: Poisonous Vapours
  1616 | D:2      | Gained mutation: You have very sharp fingernails. [demonic
                  | ancestry]
  1616 | D:2      | Reached XP level 4. HP: 30/30 MP: 5/8
  3260 | D:3      | Noticed Natasha
  3267 | D:3      | Killed Natasha
  3267 | D:3      | Reached skill level 5 in Poison Magic
  3267 | D:3      | Reached XP level 5. HP: 18/35 MP: 1/9
  3487 | D:3      | Noticed Natasha
  3492 | D:3      | Killed Natasha
  3945 | D:3      | Found a glowing silver altar of Zin.
  3945 | D:3      | Found a sparkling altar of Nemelex Xobeh.
  4217 | D:4      | Found a stormy altar of Qazlal.
  4295 | D:4      | Noticed an ogre
  4300 | D:4      | Killed an ogre
  4300 | D:4      | Reached XP level 6. HP: 41/41 MP: 4/11
  4416 | D:4      | Found Cent's Book Emporium.
  4432 | D:4      | Reached skill level 6 in Poison Magic
  4648 | D:4      | Learned a level 4 spell: Olgreb's Toxic Radiance
  5261 | D:5      | Entered Level 5 of the Dungeon
  5269 | D:5      | HP: 2/41 [white imp/puff of frost (11)]
  5274 | D:5      | Killed from afar by a white imp

Illustrated notes

Levels and vault maps discovered:
D:1:      minmay_arrival_nine_rooms, layout_basic
D:2:      minmay_angry_zag, layout_basic, serial_glass, glass_columns_b,
          glass_columns_a, glass_columns_a, glass_columns_c, glass_columns_b,
          glass_columns_a
D:3:      layout_basic, chequers_temple_overflow_statue_of_worship, uniq_natasha
D:4:      layout_basic, serial_shops, nicolae_shop_crystal,
          grunt_qazlal_sundering
D:5:      layout_gridville, bloody_trog, minmay_temple_entry_arrows, st_stairs_7

Skill      XL: |  1  2  3  4  5  6 |
---------------+-------------------+-----
Poison Magic   | 4 5 6 |  6.3
Spellcasting   | 3 4 |  4.0
Dodging        | |  1.7
Stealth        | |  1.7
Transmutations | |  0.8

Action                   |  1- 3 |  4- 6 || total
-------------------------+-------+-------++-------
Melee: Unarmed           |    10 |     2 ||    12
       Dagger            |       |    40 ||    40
 Cast: Sting             |    53 |    93 ||   146
       Poisonous Vapours |     5 |    26 ||    31
Armor: Robe              |     8 |     8 ||    16
Dodge: Dodged            |    25 |    44 ||    69

Table legend: (Time is in decaauts)
 A = Elapsed time spent in this place.
 B = Non-inter-level travel time spent in this place.
 C = Inter-level travel time spent in this place.
 D = Time resting spent in this place.
 E = Time spent auto-exploring this place.
 F = Levels seen in this place.
 G = Mean time per level.
                   A        B        C        D        E       F      G
               +--------+--------+--------+--------+--------+-----+--------+
         Total |   5274 |   5105 |    169 |    167 |   4240 |   5 | 1054.8 |
       Dungeon |   5274 |   5105 |    169 |    167 |   4240 |   5 | 1054.8 |
               +--------+--------+--------+--------+--------+-----+--------+

Top non-repeatable levels by time:
     D:2: 1505 daAuts
     D:3: 1371 daAuts
     D:1: 1194 daAuts
     D:4: 1190 daAuts
     D:5: 12 daAuts
